 Dungeon Crawl Stone Soup version 0.19.4 (webtiles) character file.

55 LORDOFBUTT the Sneak (level 3, -3/16 HPs)
             Began as a Spriggan Enchanter on Feb 4, 2017.
             Slain by a leopard gecko (5 damage)
             ... on level 3 of the Dungeon.
             The game lasted 00:02:37 (2111 turns).

LORDOFBUTT the Sneak (Spriggan Enchanter)           Turns: 2111, Time: 00:02:38

Health: -3/16      AC:  3    Str:  5    XL:     3   Next: 67%
Magic:  8/8        EV: 18    Int: 21    God:
Gold:   126        SH:  0    Dex: 16    Spells: 3 memorised, 2 levels left

rFire  . . .     SeeInvis +     a - +1 dagger
rCold  . . .     Gourm    .     b - +1 robe
rNeg   . . .     Faith    .     (shield restricted)
rPois  .         Spirit   .     (helmet restricted)
rElec  .         Reflect  .     (no cloak)
rCorr  .         Harm     .     (gloves unavailable)
MR     .....                    (boots unavailable)
Stlth  ++........               (no amulet)
                                (no ring)
                                m - +5 ring of intelligence

@: very quick
A: unfitting armour, see invisible, herbivore 3, speed 3, slow metabolism 2
a: no special abilities


You were on level 3 of the Dungeon.
You were not hungry.

You visited 1 branch of the dungeon, and saw 3 of its levels.

You collected 126 gold pieces.

Inventory:

Hand Weapons
 a - a +1 dagger (weapon)
Armour
 b - a +1 robe (worn)
Jewellery
 i - an uncursed amulet of inaccuracy
 m - a +5 ring of intelligence (left hand)
Scrolls
 e - a scroll of recharging
 g - a scroll of enchant weapon {unknown}
 l - a scroll of identify {unknown}
 o - 4 scrolls of remove curse
 p - a scroll of fog {unknown}
 q - a scroll of magic mapping {unknown}
 r - a scroll of teleportation {unknown}
Potions
 f - 2 potions of curing
 h - a potion of brilliance {unknown}
 j - a potion of haste {unknown}
 k - a potion of ambrosia {unknown}
Books
 c - a book of Maledictions

   Spells                             Type                      Level
   a - Corona                         Hexes                        1
   b - Ensorcelled Hibernation        Hexes/Ice                    2
   c - Confuse                        Hexes                        3
   d - Tukima's Dance                 Hexes                        3
   e - Dazzling Spray                 Conjuration/Hexes            3
Comestibles
 d - 4 bread rations
 n - 4 fruits


   Skills:
 * Level 2.0 Short Blades
 - Level 3.0 Dodging
 + Level 5.4 Stealth
 * Level 3.2 Spellcasting
 * Level 4.2 Hexes
 + Level 0.1 Ice Magic


You had 2 spell levels left.
You knew the following spells:

 Your Spells              Type           Power        Failure   Level  Hunger
a - Corona                Hex            ###....      1%          1    None
b - Ensorcelled Hibernat  Hex/Ice        ##....       10%         2    ##.....
c - Confuse               Hex            ###.....     10%         3    ###....


Dungeon Overview and Level Annotations

Branches:
Dungeon (3/15)

Altars:

Portals:
Sewer: D:3

Annotations:
D:3 Robin


Innate Abilities, Weirdness & Mutations

You are very small and have problems with some larger weapons.
You are too small for most types of armour.
You have supernaturally acute eyesight. (SInv)
You are a herbivore.
You cover ground extremely quickly.
You need consume almost no food.


Message History

The leopard gecko moves out of view.
Your unstable footing causes you to fumble your attack.
The giant cockroach completely misses you.
The leopard gecko barely misses you.
The giant cockroach completely misses you.
The giant cockroach bites you but does no damage.
Your unstable footing causes you to fumble your attack.
The leopard gecko bites you. The giant cockroach closely misses you.
The giant cockroach completely misses you.
Your unstable footing causes you to fumble your attack.
The leopard gecko closely misses you. The giant cockroach misses you.
The giant cockroach bites you but does no damage.
Your unstable footing causes you to fumble your attack.
The leopard gecko completely misses you.
The giant cockroach closely misses you.
The giant cockroach completely misses you.
The leopard gecko bites you.
* * * LOW HITPOINT WARNING * * *
The leopard gecko bites you.
You die...

#######..
##≈l≈≈≈≈.?
##≈@ss∩.≈≈#
####osll≈≈≈≈##
..#..#########
##.#≈g≈≈≈≈≈≈≈.##
##..##≈≈≈≈o≈gg.≈#
#<.#.########≈≈.#
#.#.....gg.go.....#
#.....####....##.##
###.### #.#### ..#


You could see Robin, an orc, 3 leopard geckos and 3 giant cockroaches.

Vanquished Creatures
  An adder (D:2)
  A worm (D:2)
  A dart slug (D:1)
  2 leopard geckos
  3 giant cockroaches
  7 goblins
  6 hobgoblins
  2 jackals (D:1)
  4 bats
  3 frilled lizards
  4 kobolds
  4 rats
38 creatures vanquished.

Notes
Turn   | Place    | Note
-------+----------+-------------------------------------------
     0 | D:1      | LORDOFBUTT the Spriggan Enchanter began the quest for the Orb.
     0 | D:1      | Reached XP level 1. HP: 9/9 MP: 5/5
   191 | D:1      | Reached XP level 2. HP: 11/13 MP: 6/6
   291 | D:1      | Learned a level 2 spell: Ensorcelled Hibernation
  1303 | D:2      | Reached skill level 5 in Stealth
  1303 | D:2      | Reached XP level 3. HP: 13/16 MP: 3/8
  2061 | D:2      | Learned a level 3 spell: Confuse
  2075 | D:3      | Noticed Robin
  2100 | D:3      | Found a glowing drain.
  2111 | D:3      | Slain by a leopard gecko

Skill      XL: |  1  2  3 |
---------------+----------+-----
Spellcasting   | 3 |  3.2
Hexes          | 4 |  4.2
Stealth        | 5 |  5.4
Short Blades   | 2 |  2.0
Dodging        | |  3.0
Ice Magic      | |  0.1

Action                   || total
-------------------------++-------
Melee: Dagger            ||   141
 Cast: Ensorcelled Hiber ||     5
  Use: Scroll            ||     3
       Potion            ||     1
 Stab: Sleeping          ||    17
Armor: Robe              ||    14
Dodge: Dodged            ||   130
